Map: [ESL] Site Delta

Players

Future

  • Race: Terran Terran
  • Spawn Location: 11:00

Astrea - Winner!

  • Race: Protoss Protoss
  • Spawn Location: 5:00

Event: ESL SC2 Masters 2024 Spring (Regional)

VOD

Have the link to the VOD?

Description

Time

  • Played on: May 4, 2024, 4:39 p.m.
  • Length: 10:06

All games in this series

Show
View Real Time Build Order
Export as new Build Order

Future Terran 

Build Orders:  

Get SALT Encoding   

  12  0:00  SCV  
  13  0:12  SCV  
  14  0:17  Supply Depot  
  14  0:24  SCV  
  15  0:39  SCV, Barracks  
  16  0:51  SCV  
  17  1:03  SCV  
  18  1:05  Engineering Bay  
  18  1:06  Supply Depot  
  18  1:15  SCV, Refinery  
  19  1:27  Marine, Orbital Command  
  19  1:45  Marine  
  20  1:53  SCV  
  21  2:02  Command Center  
  21  2:05  SCV  
  21  2:06  Marine  
  23  2:17  SCV  
  24  2:24  Barracks Reactor  
  25  2:30  SCV  
  25  2:33  Command Center  
  25  2:42  SCV  
  26  2:44  Barracks  
  26  2:54  SCV  
  26  2:56  Barracks  
  27  3:01  Marine  
  27  3:02  Marine  
  29  3:06  SCV  
  30  3:16  Orbital Command  
  30  3:18  SCV  
  31  3:20  Marine x2  
  31  3:26  Factory  
  33  3:30  SCV  
  34  3:38  Marine x2  
  36  3:41  SCV  
  36  3:42  SCV  
  36  3:45  Barracks Tech Lab  
  38  3:49  Orbital Command  
  38  3:54  SCV x2  
  40  3:57  Marine x2  
  42  4:03  Stimpack, Marine  
  42  4:06  SCV x2  
  45  4:11  Starport  
  45  4:14  Refinery  
  45  4:16  Refinery  
  45  4:17  Marine x2  
  45  4:18  SCV x2  
  45  4:19  Factory Reactor  
  45  4:21  SCV  
  50  4:24  Supply Depot  
  50  4:30  SCV  
  50  4:31  SCV, Barracks Tech Lab  
  52  4:33  SCV  
  52  4:38  Supply Depot  
  53  4:39  Marine x2  
  53  4:40  Marauder  
  53  4:42  SCV  
  53  4:43  SCV  
  59  4:45  SCV  
  59  4:47  Supply Depot  
  59  4:50  Marauder  
  62  4:55  SCV x2  
  62  4:57  SCV  
  62  4:59  Refinery  
  65  5:00  Supply Depot, Marine  
  65  5:01  Marine  
  65  5:06  Marauder  
  69  5:07  SCV  
  69  5:09  SCV  
  69  5:12  Supply Depot, Marauder  
  69  5:14  Medivac  
  75  5:17  Medivac  
  75  5:20  Marine x2  
  75  5:21  Orbital Command  
  79  5:23  SCV x2  
  79  5:25  Supply Depot  
  81  5:30  Factory Reactor  
  81  5:34  Marauder x2  
  81  5:35  SCV x2  
  87  5:37  Marine  
  87  5:38  Marine  
  87  5:40  Combat Shield  
  89  5:43  Supply Depot  
  89  5:47  SCV x3  
  92  5:53  Medivac, Supply Depot  
  91  5:59  SCV x2  
  91  6:00  Marauder x2, Marine x2  
  91  6:04  Medivac  
  101  6:05  SCV  
  101  6:10  Widow Mine x2  
  104  6:11  SCV x2  
  104  6:14  Supply Depot  
  104  6:17  SCV  
  106  6:21  Engineering Bay x2  
  106  6:23  Marauder x2, Marine  
  106  6:24  Marine  
  113  6:25  SCV  
  113  6:26  SCV  
  113  6:29  SCV  
  113  6:32  Supply Depot  
  115  6:35  Widow Mine x2  
  119  6:40  Marine  
  119  6:42  SCV x3, Marine  
  119  6:44  Marauder x2  
  119  6:47  Supply Depot  
  128  6:54  Terran Infantry Weapons Level 1, Terran Infantry Armor Level 1, Barracks x2  
  128  6:58  Widow Mine x2  
  132  7:07  Medivac  
  122  7:10  Medivac  
  122  7:13  Marauder  
  114  7:22  Marauder, Marine x2  
  111  7:24  SCV x2  
  111  7:25  SCV  
  111  7:27  Refinery  
  111  7:28  Widow Mine x2  
  111  7:29  Refinery  
  118  7:31  Ghost Academy  
  118  7:35  Missile Turret, Marauder  
  118  7:37  Missile Turret  
  120  7:39  Medivac x2, Missile Turret  
  120  7:42  Barracks Tech Lab  
  120  7:43  Marauder  
  126  7:44  Barracks Reactor, Marine x2  
  126  7:50  Command Center  
  128  7:55  Widow Mine x2  
  132  8:00  Supply Depot  
  132  8:01  Supply Depot  
  132  8:03  Ghost  
  132  8:04  Ghost  
  132  8:05  Marine x2  
  138  8:06  Marauder  
  140  8:13  Supply Depot x2  
  140  8:15  SCV x3, Missile Turret x2  
  140  8:17  Missile Turret  
  140  8:19  Widow Mine  
  147  8:20  Widow Mine  
  147  8:30  Marauder  
  147  8:31  Barracks  
  147  8:32  Marauder  
  147  8:33  Barracks x2  
  151  8:37  SCV  
  152  8:42  Ghost  
  152  8:44  Marine x2  
  155  8:49  SCV  
  155  8:50  SCV x2, Ghost  
  155  8:52  Ghost  
  155  8:54  Widow Mine x2  
  166  8:57  Medivac  
  166  8:58  Medivac  
  170  9:04  Marine  
  170  9:05  Marine x3  
  170  9:06  Command Center  
  164  9:15  Marauder  
  164  9:16  SCV x2, Armory  
  164  9:17  SCV  
  164  9:20  Marauder  
  164  9:22  Sensor Tower, Marauder  
  168  9:24  Missile Turret  
  168  9:26  Missile Turret  
  168  9:29  SCV x3, Sensor Tower  
  168  9:30  Missile Turret  
  171  9:31  Barracks Tech Lab x2  
  171  9:32  Barracks Tech Lab  
  171  9:34  Marine x2  
  171  9:35  Marine  
  171  9:36  Marine x2  
  176  9:44  Marauder  
Show
View Real Time Build Order
Export as new Build Order

Astrea Protoss - Winner!

Build Orders: Double Forge, Phoenix Opening, Blink Stalkers 

Get SALT Encoding   

  12  0:00  Probe  
  13  0:12  Probe  
  14  0:17  Pylon  
  14  0:24  Probe (Chrono Boost)  
  16  0:36  Probe (Chrono Boost), Gateway  
  16  0:43  Probe (Chrono Boost)  
  16  0:46  Assimilator  
  17  0:51  Probe  
  17  0:54  Assimilator  
  18  1:03  Probe (Chrono Boost)  
  20  1:12  Probe (Chrono Boost)  
  20  1:17  Probe (Chrono Boost)  
  21  1:25  Pylon  
  21  1:26  Cybernetics Core  
  21  1:29  Probe  
  22  1:42  Probe  
  23  1:54  Probe  
  24  2:03  Sentry (Chrono Boost)  
  24  2:06  Probe  
  24  2:07  Nexus  
  27  2:10  Warp Gate  
  27  2:18  Probe  
  28  2:23  Stalker (Chrono Boost)  
  28  2:28  Pylon  
  30  2:32  Phoenix, Probe  
  31  2:40  Twilight Council  
  31  2:46  Probe  
  31  2:50  Stalker  
  35  2:58  Probe  
  35  3:05  Gateway  
  35  3:10  Probe  
  36  3:14  Blink (Chrono Boost)  
  37  3:20  Probe  
  37  3:24  Probe  
  38  3:32  Probe  
  39  3:38  Probe (Chrono Boost)  
  40  3:44  Nexus  
  40  3:47  Probe (Chrono Boost)  
  42  3:56  Probe (Chrono Boost)  
  42  3:57  Probe (Chrono Boost)  
  42  4:02  Probe (Chrono Boost)  
  44  4:03  Probe (Chrono Boost)  
  44  4:08  Forge  
  45  4:10  Forge  
  45  4:13  Pylon, Probe (Chrono Boost)  
  47  4:19  Probe (Chrono Boost)  
  47  4:21  Stalker  
  50  4:24  Probe (Chrono Boost)  
  50  4:26  Stalker  
  50  4:29  Probe (Chrono Boost)  
  54  4:32  Pylon  
  54  4:33  Probe (Chrono Boost)  
  54  4:37  Probe (Chrono Boost)  
  55  4:41  Probe (Chrono Boost)  
  55  4:42  Probe (Chrono Boost)  
  55  4:43  Protoss Ground Weapons Level 1 (Chrono Boost)  
  55  4:45  Phoenix  
  57  4:46  Stalker  
  57  4:50  Pylon  
  57  4:52  Probe  
  60  4:53  Probe  
  60  4:59  Protoss Ground Armor Level 1 (Chrono Boost), Probe  
  62  5:00  Stalker  
  62  5:04  Probe  
  62  5:05  Probe  
  66  5:11  Probe  
  66  5:12  Stalker  
  69  5:15  Charge (Chrono Boost)  
  69  5:16  Probe  
  69  5:17  Probe, Gateway  
  69  5:18  Gateway  
  71  5:22  Gateway  
  71  5:25  Gateway  
  71  5:28  Probe  
  72  5:35  Gateway  
  72  5:36  Gateway  
  72  5:38  Pylon  
  72  5:45  Zealot x2  
  76  5:51  Probe  
  76  5:52  Probe x2  
  76  5:53  Pylon  
  79  6:00  Pylon  
  79  6:04  Pylon, Probe  
  80  6:05  Probe  
  80  6:09  Zealot x2  
  85  6:17  Zealot x3  
  89  6:18  Nexus  
  89  6:23  Zealot  
  91  6:28  Protoss Ground Weapons Level 2 (Chrono Boost), Probe x3  
  91  6:29  Zealot x2  
  91  6:30  Zealot  
  91  6:31  Zealot  
  91  6:32  Protoss Ground Armor Level 2 (Chrono Boost)  
  102  6:43  Pylon  
  102  6:46  Zealot x3  
  108  6:47  Zealot  
  108  6:49  Pylon  
  108  6:52  Zealot x2  
  108  6:54  Stalker  
  114  7:05  Stalker  
  104  7:08  Stalker x3  
  104  7:09  Stalker  
  110  7:22  Stalker x3  
  110  7:23  Probe  
  110  7:24  Probe x2  
  110  7:29  Pylon  
  119  7:35  Probe  
  119  7:36  Zealot x5, Probe x2  
  132  7:37  Probe  
  133  7:48  Probe  
  133  7:51  Zealot x3  
  140  7:53  Stargate  
  140  7:57  Probe x3  
  143  7:59  Assimilator  
  143  8:00  Probe  
  143  8:01  Assimilator  
  143  8:02  Pylon  
  144  8:06  Zealot x5  
  144  8:07  Robotics Facility  
  154  8:23  Assimilator  
  154  8:24  Zealot x3  
  160  8:28  Assimilator  
  160  8:29  Gateway  
  160  8:30  Gateway  
  160  8:33  Pylon  
  160  8:35  Zealot x5  
  160  8:39  Shield Battery  
  160  8:41  Phoenix (Chrono Boost)  
  172  8:54  Zealot x3  
  178  8:57  Zealot  
  178  9:01  Pylon x2  
  180  9:04  Pylon  
  180  9:19  Templar Archives  
  180  9:24  Gateway  
  180  9:26  Gateway  
  180  9:28  Zealot x7, Gateway  
  180  9:29  Gateway  
  180  9:31  Nexus  
  194  9:33  Zealot x3  
  182  9:51  Zealot x7  
  154  9:59  Zealot x3  
Tags
 
Add a new tag
Caveats
  • Supply blocks, unpowered buildings, or Contaminate may cause inaccurate times.
  • Supply counts are checked every 10 seconds.